 Dungeon Crawl Stone Soup version 0.30-a0-853-g561648f (webtiles) character file.

Game seed: 5170765669133605345

2 Dorkslayer the Trooper (level 1, 0/18 HPs)
             Began as a Merfolk Fighter on Mar 4, 2023.
             Succumbed to a goblin's poison
             ... on level 1 of the Dungeon.
             The game lasted 00:00:20 (103 turns).

Dorkslayer the Trooper (Merfolk Fighter)             Turns: 103, Time: 00:00:21

Health: 0/18       AC:  6    Str: 16    XL:     1   Next: 40%
Magic:  1/1        EV:  9    Int:  7    God:
Gold:   24         SH:  4    Dex: 13    Spells: 0/0 levels left

rFire   . . .      SeeInvis .    a - +0 long sword
rCold   . . .      Faith    .    c - +0 buckler
rNeg    . . .      Spirit   .    b - +0 scale mail
rPois   .          Reflect  .    (no helmet)
rElec   .          Rampage  .    (no cloak)
rCorr   .                        (no gloves)
Will    .....                    (no boots) Stlth
                                 (no amulet)
HPRegen 0.23/turn                (no ring)
MPRegen 0.07/turn                (no ring)

@: lethally poisoned (0 -> -12)
A: (nimble swimmer 2), mertail
a: no special abilities


You were on level 1 of the Dungeon.
You visited 1 branch of the dungeon, and saw 1 of its levels.

You collected 24 gold pieces.

Inventory:

Hand Weapons
 a - a +0 long sword (weapon)
Armour
 b - a +0 scale mail (worn)
 c - a +0 buckler (worn)
Potions
 d - a potion of might
 e - a potion of heal wounds {unknown}


   Skills:
 + Level 3.3 Fighting
 + Level 2.4 Long Blades
 + Level 2.2 Armour
 * Level 0.4 Dodging
 + Level 3.0 Shields


You couldn't memorise any spells.
You didn't know any spells.
Your spell library was empty.

Dungeon Overview and Level Annotations

Branches:
Dungeon (1/15)

Altars:


Innate Abilities, Weirdness & Mutations

((You are very nimble when in or above water. (Stealth+, EV+, Speed+++)))
Your lower body shifts to a powerful aquatic tail in water.


Message History

You block the bat's attack.
You barely miss the bat. The bat misses you. You block the bat's attack.
You hit the bat but do no damage. The bat barely misses you.
The bat barely misses you.
You miss the bat. You block the bat's attack.
The bat hits you but does no damage.
You closely miss the bat. You block the bat's attack.
The bat hits you but does no damage. The bat barely misses you.
You miss the bat. The bat closely misses you. The bat hits you.
The bat hits you but does no damage. x2
You closely miss the bat. You block the bat's attack.
The bat hits you but does no damage.
You barely miss the bat. You block the bat's attack. x2
You miss the bat. The bat hits you. You block the bat's attack.
You completely miss the bat. The bat hits you but does no damage. x2
You hit the bat but do no damage. The bat hits you but does no damage.
The bat barely misses you.
You barely miss the bat. The bat hits you but does no damage. x2
You slash the bat!
You kill the bat!
You see here a bat corpse.
A goblin comes into view. It is wielding a +2 dagger of venom.
The goblin hits you with a +2 dagger of venom.
You are poisoned.
You barely miss the goblin.
You feel very sick. The goblin hits you but does no damage.
You are lethally poisoned!
You completely miss the goblin.
You feel very sick.
The goblin hits you with a +2 dagger of venom.
You are more poisoned.
The goblin hits you but does no damage.
You hit the goblin.
You kill the goblin!
* * * LOW HITPOINT WARNING * * *
You feel very sick.
You die...

##..... ....§§§≈≈..
##...≈≈≈
...≈≈≈§§≈......≈≈≈≈
#..≈§≈≈≈≈......≈≈><
#..≈≈≈≈≈≈......≈≈≈≈
#.§.§≈≈≈..####..≈≈≈
#####........# ##....
#......§#....# #.###
#.....@...# .## #....
#......#..#
..####..###
#......##.###......#
# ........##.....# #
........####†..######
# ...######
#...'....#### ...
#...####.#... ..
#...# #...## #...#
######


There were no monsters in sight!

Vanquished Creatures
  A bat (D:1)
  A goblin (D:1)
2 creatures vanquished.

Notes
Turn   | Place    | Note
-------+----------+-------------------------------------------
     0 | D:1      | Dorkslayer the Merfolk Fighter began the quest for the Orb.
     0 | D:1      | Reached XP level 1. HP: 18/18 MP: 1/1
   103 | D:1      | Succumbed to a goblin's poison

Illustrated notes

Levels and vault maps discovered:
D:1:      dpeg_arrival_pits, layout_basic, dreamdust_ecumenical_altar_statues

Action                     || total
---------------------------++-------
  Melee: Long sword        ||    17
 Armour: Scale mail        ||    14
  Dodge: Dodged            ||     8
  Block: Buckler           ||    10

Table legend: (Time is in decaauts)
 A = Elapsed time spent in this place.
 B = Non-inter-level travel time spent in this place.
 C = Inter-level travel time spent in this place.
 D = Time resting spent in this place.
 E = Time spent auto-exploring this place.
 F = Levels seen in this place.
 G = Mean time per level.
                   A        B        C        D        E       F      G
               +--------+--------+--------+--------+--------+-----+--------+
         Total |    108 |    108 |      0 |      0 |     57 |   1 |  108.0 |
       Dungeon |    108 |    108 |      0 |      0 |     57 |   1 |  108.0 |
               +--------+--------+--------+--------+--------+-----+--------+

Top non-repeatable levels by time:
     D:1: 108 daAuts
